[Event "44th Chess Olympiad Open 2022"]
[Site "Chennai"]
[Date "2022.08.03"]
[Round "6.48"]
[White "Balogun, Oluwafemi"]
[Black "Maung, Maung Kyaw Zaw Hein"]
[Result "1-0"]
[WhiteElo "2274"]
[BlackElo "2121"]
[Annotator "TA"]
[PlyCount "87"]
[EventDate "2022.??.??"]
[TimeControl "60"]

1. e4 c5 2. Nf3 d6 3. d4 cxd4 4. Nxd4 Nf6 5. Nc3 g6 6. Be3 Bg7 7. f3 O-O 8. Qd2 Nc6 9. O-O-O d5 10. Qe1 e5 11. Nxc6 bxc6 12. exd5 Nxd5 13. Bc4 Be6 14. Ne4 Qc8 {[%emt 0:08:02] B76: Sicilian Dragon: Yugoslav Attack, 9
g4 and 9 0-0-0.} 15. Bc5 Rd8 16. g4 h6 (16... Nf4 $11 17. Rxd8+ Qxd8 18. Bxe6 Nxe6) 17. h4 Qc7 {[%emt 0:08:57] [#]} (17... Nf4 $14 18.
Qc3 Rxd1+ 19. Rxd1 Bd5) 18. Bb3 $146 {[%emt 0:05:40] White is more active.} ({
Predecessor:} 18. h5 g5 19. Ba3 Nf4 20. Bxe6 Rxd1+ 21. Qxd1 Nxe6 22. Rh2 Rd8
23. Rd2 Rxd2 24. Qxd2 {1-0 (34) Herzum,P (2028)-Sundorf,J (2186) Germany 2017})
18... Bf8 {[%emt 0:02:50] White leaves nothing to chance now.} ({Black should
try} 18... f5 $14) 19. Bxf8 $18 Kxf8 20. Nc5 Re8 21. h5 {[%emt 0:03:41] [#] hxg6 is the
strong threat.} g5 22. Qe4 {[%emt 0:12:37] And now Qh7 would
win.} Nf6 {[%emt 0:04:14] Against Qh7} (22... Kg8 {was worth a try.} 23. Nxe6
fxe6) 23. Qb4 Kg8 24. Nxe6 fxe6 25. Qd6 Qxd6 26. Rxd6 Kf7 27. Re1 ({Much less
strong is} 27. Rxc6 Re7 28. Rf1 Rb8 $18) 27... e4 28. fxe4 Re7 29. e5 {[%emt 0:04:54] 
[#] Black must now prevent Rf1.} Nd5 30. Rxc6 Nf4 31. Rd1 {[%emt 0:01:41] Against Rd8} Rb8 32. Bc4 {[%emt 0:03:46] Against Rb5} Kg7 33. a4 {[%emt 0:01:
09] White is clearly winning.} Rbe8 34. b4 Ng2 35. Rd3 {[%emt 0:03:24] Against Ne3}
Nf4 (35... Ne1 $142 36. Rc3 Ng2) 36. Rd2 Rf8 37. b5 Nd5 38. Bxd5 exd5 {[%emt 0:00:04] Endgame KRR-KRR} 39. Rg6+ Kh7 40. Rxd5 Rf4 41. Rdd6 Rxe5 42. Rd7+ Kh8 43. Rxh6+ Kg8 44. Rc6 {[%emt 0:00:00]
Weighted Error Value: White=0.09 (flawless) /Black=0.42} 1-0

[Event "44th Chess Olympiad Open 2022"]
[Site "Chennai"]
[Date "2022.08.03"]
[Round "6.48"]
[White "Sai Han Thiha"]
[Black "Kigigha, Bomo"]
[Result "0-1"]
[WhiteElo "1974"]
[BlackElo "2251"]
[Annotator "TA"]
[PlyCount "87"]
[EventDate "2022.??.??"]
[TimeControl "60"]

1. d4 d5 2. Bf4 c5 3. e3 Nf6 4. c3 e6 5. Nd2 Nc6 6. Ngf3 Be7 {[%emt 0:00:04] 6...Nh5 is setting a new trend.} 7. Ne5 Nd7 {[%emt 0:00:21] D02:1 d4 d5 2 Nf3 sidelines, including 2...Nf6 3 g3 and 2.
..Nf6 3 Bf4.} 8. Ndf3 Ndxe5 9. Nxe5 Nxe5 {[%emt 0:03:09] The position is equal.} 10. Bxe5 O-O {[%emt 0:00:10] [#]} 11. a4 $146 ({Predecessor:} 11. Bd3
Bd6 12. Bxd6 Qxd6 13. f4 cxd4 14. cxd4 Bd7 15. O-O {½-½ (15) Grachev,B (2626)
-Kamsky,G (2666) Sochi 2018}) 11... Bd7 12. Bd3 Be8 13. Qb1 (13. Qg4 {seems wilder.} g6
14. O-O f6 15. Bg3) 13... f5 14. dxc5 Bxc5 15. O-O a5 16. Rd1 Qh4 17. Qc2 Rc8 18.
c4 {[%emt 0:17:07] Hoping for cxd5.} (18. b4 $5 Bb6 19. Rdc1 $11
) 18... Bc6 19. Qc3 $2 {[%emt 0:04:16] [#] This move loses
the game for White.} (19. g3 $11 {and White stays safe.} Qg4 20. Be2) 19... f4
$1 $19 20. g3 ({Much worse is} 20. Qxa5 {[#]}
fxe3 $1 21. Bg3 (21. Qxc5 $2 Qxf2+ 22. Kh1 dxc4 $19) 21... exf2+ 22. Kf1 Qe7
$19) (20. Bxf4 $142 Rxf4 21. g3) 20... fxg3 21. hxg3 (21. Bxg3 Qg4 22. Qc2) 21... Qh5 {[%emt 0:02:55][%cal Yd5d4] ( -> ...
d4!)} 22. Bd4 dxc4 23.
e4 Bxd4 24. Qxd4 cxd3 25. Rxd3 Qe2 26. Qe3 Qxe3 27. Rxe3 Rcd8 28. b3 Rd2 29. Rf1 Rfd8 30. f3 R8d3 31. Rfe1 h5 32. Kf1 g5 33. Kg1 Kg7 34. f4 Kg6 35. Kf1 h4 36. gxh4 gxf4 37. Rxd3 Rxd3 {[%emt 0:00:03] KRB-KR} 38. Kf2 Kh5 (
38... Rxb3 $142 39. Rd1 Bxe4 40. Rd6 Kf5 41. Rd2 Rb4 42. h5 Rxa4 43. h6 Ra1 44.
Ke2 Rh1 45. Rd8 Rxh6 46. Kd2 f3 47. Ke3 Rh2 48. Rg8 Re2+ 49. Kd4 e5+ 50. Kc5 f2
51. Kd6 Kf4 52. Rg7 f1=Q 53. Rf7+ Bf5 54. Rh7 Rd2+ 55. Kc7 Bxh7 56. Kc8 Qb5 57.
Kc7 Qc6+ 58. Kb8 Rd8+ 59. Ka7 Qa6#) 39. Rc1 Rxb3 40. Rc2 Kxh4 {[%emt 0:00:15] Black mates.} 41. e5 Kg4 42. Rd2 Ra3 43. Rb2 Rxa4 44. Rd2 {[%emt 0:00:00]
Weighted Error Value: White=0.88/Black=0.25 (precise)} 0-1

[Event "44th Chess Olympiad Open 2022"]
[Site "Chennai"]
[Date "2022.08.03"]
[Round "6.48"]
[White "Zaw Ye Htut"]
[Black "Akinseye, Abiola"]
[Result "1/2-1/2"]
[WhiteElo "1255"]
[BlackElo "2214"]
[Annotator "TA"]
[PlyCount "132"]
[EventDate "2022.??.??"]
[TimeControl "60"]

1. e4 e5 2. Nf3 Nc6 3. Bb5 a6 4. Ba4 Nf6 5. d3 Bc5 6. O-O b5 7. Bb3 d6 8. h3 O-O {[%emt 0:02:50]
C78: Ruy Lopez: Archangelsk and Möller Defences.} 9. a4 b4 10. a5 Be6 11. Nbd2 {[%emt 0:
00:34] [#]} Ne7 $146 ({Predecessor:} 11... Rb8 12. Nc4 Ne7 13.
Ng5 Bd7 14. Be3 Bxe3 15. Nxe3 Ng6 16. Bc4 Bb5 17. Nf3 Bxc4 18. Nxc4 {1-0 (69)
Nakamura,H (2754)-Caruana,F (2819) Paris 2019}) 12. Nc4 Ng6 13. Be3 Ba7 14. Qd2 Qb8 15. Rfb1 Bxe3 16. fxe3 Qa7 17. Kh2 Rab8 18. Ng5 Bxc4 19. Bxc4 h6 20. Nf3 c6 21. Rf1 d5 22. exd5 cxd5 23. Bb3 Qe7 24. Qf2 Rb5 25. Qg3 Kh7 26.
Nd2 Nh5 (26... Ne8 $11) 27. Qg4 (27. Qf3 $5 Nf6 28. e4 $14) 27... Nf6 28.
Qf5 e4 29. d4 Kg8 30. Ba4 Rbb8 ({Don't do} 30... Rxa5
31. Nb3 $16) 31. Kg1 Rbc8 32. Rac1 Qd6 33. Nb3 Qg3 {[%emt 0:04:10]
Threatens to win with ...Nh4.} 34. Qf2 Qd6 35. Qe2 Rc7 36. Nc5 Ra7 37. Bb3 Rd8 38. c4 bxc3 39. Rxc3 Rb8 40. Qc2 Rb5 41. Ba4 Rb4 42. Rb3 Rxb3 43. Qxb3 {
[%emt 0:00:00] Hoping for Qb6.} Qg3 44. Rf2 Ra8 45. Bc6 Rb8 $40 {[%emt 0:
00:00] Black mounts an attack.} 46. Qc3 Nh4 47. Nxa6 $2 (47. Bb7 $11) 47... Rc8 $2 (47...
Nf3+ $1 $19 {and Black stays clearly on top.} 48. Kf1 Ng4 49. hxg4 Nh2+ 50. Ke1
Nxg4) 48. Nb4 $17 Nh5 {[%emt 0:00:00] Strongly threatening ...
Nf3+.} 49. Nxd5 {[%emt 0:00:00] Ne7+ is the strong threat.} Nf3+ $1 50. Kf1 $2 {[%emt 0:00:00] [#]} (50. Rxf3 $17 exf3 51. Qd2) 50... Qh2
$1 $19 51. gxf3 (51. Ne7+ Kh8)
51... Ng3+ 52. Ke1 Qg1+ {[%emt 0:00:05]
Deflection} 53. Kd2 Qxf2+ 54. Kd1 Qe2+ 55. Kc1 exf3 {[%emt 0:00:32] (
-> ...f2)} 56. Ne7+ Kh8 $2 (56... Kh7 57.
Nxc8 f2) 57. Nxc8 f2 58. Bg2 {[%emt 0:00:27]
[#] And now Ne7 would win.} Ne4 $1 59. Qc2 $2 (59. Qc6 $11 f1=Q+ 60. Bxf1 Qxf1+ 61. Kc2 Qg2+ 62. Kc1 Qg1+ 63. Kc2 Qg2+ 64.
Kc1 Qg1+ 65. Kc2 Qg2+) (59. Qb3 f1=Q+) 59... Qxe3+ 60. Kb1 {
[%emt 0:01:38] [#]} Nd2+ $2 (60... Qe1+ $1 $19 61. Qc1 {[#]}
Qg1 $1 62. Bxe4 f1=Q 63. Qxf1 Qxf1+ 64. Ka2 Qc4+ 65. Ka3 Qxc8) 61. Ka2 $11 Nf3 $2 (61... Qg5 $11 62. Qa4 Kh7 63. Qc2+ Kh8
) 62. Ne7 Qxe7 63. Qxf2 (63.
Qc8+ $142 Kh7 64. Qf5+ Kg8 65. Qxf3) 63... Ne1 $2 (63... Nh4
64. Kb3 Nxg2) 64. Bd5 $18 Qb4 65. Qxf7 $2 (65. Kb1 $18 Nd3 66. Qe2 Qxa5 67. Qe8+ (67. Qxd3 Qxd5 68. Qe3
Kh7 $11) 67... Kh7 68. Be4+ f5 69. Bxd3) 65... Qa4+ $11 66.
Kb1 Qd1+ {[%emt 0:00:24] What a bad
dream for Black. Weighted Error Value: White=0.64/Black=0.49} 1/2-1/2

[Event "44th Chess Olympiad Open 2022"]
[Site "Chennai"]
[Date "2022.08.03"]
[Round "6.49"]
[White "Wong, Yinn Long"]
[Black "Rongwane, Gomolemo"]
[Result "1-0"]
[WhiteElo "2381"]
[BlackElo "2033"]
[Annotator "TA"]
[PlyCount "149"]
[EventDate "2022.??.??"]
[TimeControl "60"]

1.
e4 e5 2. Nf3 Nc6 3. Nc3 Nf6 4. a3 d6 5. d4 Be7 6. Bb5 {[%emt 0:
00:00] C47: Scotch Four Knights and Four Knights with 4 g3.} Bd7 7. d5 Nb8 8. Be2 {[%emt 0:03:19] The
position is equal.} Bg4 {[%emt 0:05:18] [#]} 9. h3 $146 ({
Predecessor:} 9. O-O O-O 10. Nd2 Bxe2 11. Nxe2 Nfd7 12. c4 g6 13. b4 a5 14. Bb2
b6 15. Qc2 Bg5 16. Nb3 {1-0 (32) Petrov,M (2455)-Managadze,N (2428) Nikaia 2002
}) 9... Bh5 10. Be3 O-O (
10... c6 $14) 11. g4 $16 Bg6 12. Nd2 Nfd7 13. Nf1 c6 14. Qd2 Nb6 15. Ng3 (15. h4 $16) 15... N8d7 $14 16. O-O-O (16. dxc6 {is more complex.} bxc6 17. h4 Bxh4 18. Nf5) 16...
Rc8 17. b3 (17. f3 $14) 17... cxd5 $11 18. exd5 Qc7 19. Kb2 Bh4 20. Rc1 $2 {[%emt 0:04:02] [#]} (20. Bd3
$14 {stays ahead.}) 20... Bxg3 $2 (20... Qxc3+ $1 $17 21. Qxc3
Rxc3 22. Kxc3 Nxd5+ 23. Kd2 Nxe3 24. Kxe3 Bg5+ 25. Kf3 Bxc1 26. Rxc1 Rc8) 21.
fxg3 (21. Nb5 $5 Qb8 22. fxg3 $11) 21... Nc5 22. Rhf1 a6 (22... Nbd7 $14)
23. h4 Ne4 24. Nxe4 Bxe4 25. c4 Nd7 26. h5 (26. g5 $16) 26... a5 (26... h6 $11 {remains equal.})
27. h6 (27. g5 $1 $16) 27... Nc5 $14 28. hxg7 Rfe8 29. b4 axb4 30. axb4 {[%emt 0:00:45] The board is on fire.} Nd7 31. c5 $36 {[%emt 0:10:20] White is really pushing.} Bg6 {[%emt 0:01:06] White
leaves nothing to chance now.} (31... dxc5 $16 32. Bxc5 b6) 32. c6 $18 bxc6 33. Rxc6 (33. dxc6 Nb6
$16) 33... Qb8 34. Rfc1 Nf6 35. Ba6 {[%emt 0:02:45][%cal Rc6c8] Active counter play!} Rxc6 (35... Rcd8 {was called for.} 36. Bb6 Ne4) 36. dxc6 {[%emt 0:00:31] Black must
now prevent c7.} (36. Rxc6 Ne4 37. Qe1 Nf6 $11) 36... Qc7 37.
b5 Rb8 38. Bb7 {[%emt 0:02:16] This bishop
pair is nice.} (38. g5 $142 Ne8 39. Qb4) 38... Ne4 (38... Rxb7
39. cxb7 Qxb7) 39. b6 ({Stronger than} 39. Qh2 Qa5 40. c7
Qxb5+ 41. Ka1 Qxb7 $15) 39... Rxb7 {[%emt 0:01:28] [#]} 40. cxb7 $1 Qxb7 41. Qa5 Nf6 42.
Qa7 Qg2+ 43. Ka1 {[%emt 0:00:22] Intending
Bh6 and mate.} Kxg7 44. b7 $2 (44. g5 Ng4 45.
b7 Nxe3 46. b8=Q Nc2+ 47. Rxc2 $1 Qxc2 48. Qac7 (48. Qe7 Qa4+ 49. Kb2 Qd4+ 50.
Kb3 Qd1+ 51. Ka2 Qa4+ 52. Kb2 Qd4+ 53. Kb3 Qd1+ 54. Ka2 Qa4+ 55. Kb2 $11) 48...
Qd1+ 49. Ka2) 44... Nd7 45. b8=Q Nxb8 46. Qxb8 Qxg3 47. Qb6 Qxg4 (47... Qf3 $142 48. Rc3 Qe4) 48. Qxd6 Qa4+ 49. Kb2 Qb5+ 50. Kc3 Qa5+ 51. Qb4 Qd5 52. Kb2 Qg2+ 53. Bd2 h5 54. Rc8 {[%emt 0:04:59] And now Qf8+ would
win.} Kh7 55. Rd8 Qf1 56.
Qc5 ({But not} 56. Qf8 Qb5+ 57. Qb4 Qf1 $18) 56... Qb1+ 57. Ka3 Qa1+ 58. Kb4 {
[%emt 0:00:20] Threatens to win with Qe3.} Qb1+ 59. Ka5 Qa2+ 60. Kb6 Qb3+ (60... Qe6+ $142 61. Rd6 Qe7) 61. Bb4 {[%emt 0:01:45] Qf8 would kill
now.} Be4 (61... Bf5 $142 62. Rd5 Qc2) 62. Kc7 Qa4 63. Kd6 (63. Bc3 $142 Qa6 {
[#]} 64. Rh8+ $3 Kg6 65. Qg1+ Kf6 66. Qf2+ Kg7 67. Bxe5+ f6 68. Bxf6+ $1 Qxf6
69. Rg8+ $3 Kxg8 70. Qxf6) 63... Qa6+ 64. Kd7 Qe6+ 65. Kc7 Qa6 66. Qb6 $2 (66. Rb8) 66... Qc4+ $2 (66... Qxb6+ {
keeps fighting.} 67. Kxb6 h4) 67. Kb8 Qa2 68.
Ba5 {[%emt 0:00:08][%cal Yb6f6] Threatening mate with Qf6!} Qb1 69. Qxb1 Bxb1 70. Be1 Kg6 71. Kc7 Ba2 72. Kd6 f6 73. Bh4 Bf7 (73... Kf5 $18 74. Rf8 Kg4 75. Bxf6 e4) 74. Ke7 (74. Rf8
$142 Kg7 75. Ke7 Bg6 76. Bxf6+ Kh6 77. Rh8+ Bh7 78. Kf7 h4 79. Bxe5) 74... f5 (74... Bc4 $18 75. Kd6 Kf5) 75. Rd6+ {[%emt 0:00:04] Weighted
Error Value: White=0.30/Black=0.34} 1-0

[Event "44th Chess Olympiad Open 2022"]
[Site "Chennai"]
[Date "2022.08.03"]
[Round "6.49"]
[White "Oatlhotse, Providence"]
[Black "Lim, Zhuo Ren"]
[Result "1/2-1/2"]
[WhiteElo "2204"]
[BlackElo "2318"]
[Annotator "TA"]
[PlyCount "157"]
[EventDate "2022.??.??"]
[TimeControl "60"]

1. Nf3 c5 2. c4 Nc6 3. d4 cxd4 4. Nxd4 g6 5. g3 Bg7 6. Nc2 d6 $1 {[%emt 0:00:56] 6...d6 is better than 6...Nf6.} 7. Bg2 Be6 8. Ne3 Rc8 {[%emt 0:00:
00] A30: Symmetrical English: Double Fianchetto and Hedgehog.} 9. O-O h5 {[%emt 0:00:14][%cal Yh7h5,Yh5h4] [#]} 10. Nc3 $146 (10. h4 $11) ({Predecessor:} 10. h4 Qd7 11. Nc3 Ne5 12. Qb3 b6 13. Ncd5 Nf6 14.
Bd2 O-O 15. Rac1 Nfg4 16. Nxg4 Bxg4 {0-1 (44) Khademalsharieh, S (2494)
-Muzychuk,A (2535) Chess.com INT 2020}) 10... Bxc3 (10... h4
$17) 11. bxc3 $15 h4 12. c5 dxc5 13. Qa4 Nf6 14. Rb1 Qc7 15. c4 (15. g4 $11) 15...
Bd7 16. Bb2 Nd4 17. Qd1 hxg3 18. hxg3 Qe5 {[%emt 0:
01:00] And now ...Qh5 would win.} 19. Re1 Bc6 (19... Rd8 $17 {Threatens to win with ...Bc6.} 20. Bxd4 cxd4) 20. Nd5 $1 $11 Nxd5 21. cxd5 Bxd5 22. Bxd4 cxd4 23. Rb5 e6 {[%emt 0:04:17] ...Rc3 is the strong threat.} 24. e4 $1 (
24. Bxd5 exd5 25. e4 Rc3 $15) 24... dxe3 $1 25. Rxd5 (25. Rxe3 Bxg2 $1 26. Rexe5 Rh1+ 27. Kxg2 Rxd1 28. Rxb7 Rd7 29. Rxd7
Kxd7 $17) 25... exf2+ (25... exd5 $2 26. Rxe3 Qxe3 27. fxe3
$18) 26. Kxf2 {[%emt 0:00:04] Chess con chili.} Qb2+ 27. Rd2 Qb6+ 28. Kf1 Rc5 (28... O-O $14) 29. Qa4+ $16 Kf8 30. Qd4 Rf5+ 31. Kg1 $1 Qxd4+ 32. Rxd4 Ra5 33. Re2 b6 34. Rd7 Rhh5 35. g4 $1 Rh7 36. Rc2 Ra4 37. Rc8+ (37. Bf3 $1 $16) 37... Kg7 $14 38. Rcc7 {[%emt 0:00:04] White is more active.} Kf6 39. Rxa7 Rxg4 40. Rd3 Rh5 41. Rdd7 Rh7 42. Rd3 Rh5 43. Rb3 Ra5 44. Rf3+ Rf5 {[%emt 0:00:00] Hoping for ...Rxf3.} 45. Kf2 Rb4 46. Rxf5+ gxf5 $11 {
[%emt 0:00:58] Endgame KRB-KR} 47. Bc6 Rb2+ 48. Ke1 Ke5 49. a4 f6 50. Rb7 Kd6 51. Bb5 (51. Be8 $5 ) 51... Kc5 52. Rc7+ Kd4 $1 53. Rc4+ Ke3 $1 54. Rc3+ Kd4 55. Rc4+ Ke3 $1 56. Rc3+ Kd4 57. Rc6 e5 58. Rxb6 f4 {[%emt 0:01:03] [#]} (58... e4 $11) 59. Rxf6 (59. Rd6+ $1
$16 Ke4 60. Rd2 (60. Rxf6 Ke3 $11) 60... Rb1+ 61. Rd1) 59... e4 {[%emt 0:00:25]
The position is equal.} 60. Kd1 f3 61. Kc1 Ra2 62. Kb1 Rf2 63. Bc6 e3 64. Rf4+ (
64. Rxf3 {leads to mate.} e2 65. Rxf2 e1=Q+ 66. Kc2 Qxf2+ 67. Kb3 Qd2) ({
But not} 64. Bxf3 $2 {[#]} Rxf3 $1 65. Re6 (65. Rxf3 $2 {too greedy.} e2 $19)
65... Kd3 66. Rd6+ Kc3 $19) 64... Kc5 {[%emt 0:01:06] ( -> ...e2)} 65. Bxf3 e2 66. Bxe2 Rxf4 {[%emt 0:00:
12] KR-KB} 67. Bb5 Rf2 68. Kc1 Kd4 69. Kd1 Ra2 70. Ke1 Ke3 71. Kd1 Kd4 72. Ke1 Kc3 73. Kd1 Rd2+ 74. Ke1 Rd4 75. Ke2 Kb4 76. Ke3 Rd5 77. Ke4 Rxb5 78. axb5 {
[%emt 0:00:02] Intending b6 and mate.} Kxb5 79. Kd5 {[%emt 0:
00:03] Weighted Error Value: White=0.14 (very precise) /Black=0.11 (very
precise)} 1/2-1/2

[Event "44th Chess Olympiad Open 2022"]
[Site "Chennai"]
[Date "2022.08.03"]
[Round "6.49"]
[White "Poh, Yu Tian"]
[Black "Monnaatsheko, Keletshabile"]
[Result "1-0"]
[WhiteElo "2118"]
[BlackElo "2014"]
[Annotator "NA RC"]
[PlyCount "71"]
[EventDate "2022.??.??"]
[TimeControl "60"]

1. e4 e6 2. d4 d5 3. Nc3 Nf6 4. Bg5 h6 5. Bxf6 Qxf6 6. exd5 Bb4 7. dxe6 Bxe6 8. Nf3 O-O 9. Bd3 Bg4 10. O-O Rd8 11. Ne4 Qf4 12. c3 Bf8 13.
Qd2 Qxd2 14. Nexd2 Nd7 15. h3 Bh5 16. Rfe1 Bd6 17. g3 c5 18.
Kg2 cxd4 19. Nxd4 Nc5 20. Bc2 Bf8 21. N2f3 Rac8 22. Ne5 Bd6 23. Nf5 Bf8 24. g4 Bg6 25. Nxg6 fxg6 26. Nd4 g5 27. Bf5 Ra8 28. Re2 Re8 29. Rae1 Rxe2 30. Rxe2 Kf7 31. Bc2 Rc8 32. b4 Na6 33. Bb3+ Kg6 34. Bg8 Nc7 35. Nb5 Be7 36. Rxe7 1-0

[Event "44th Chess Olympiad Open 2022"]
[Site "Chennai"]
[Date "2022.08.03"]
[Round "6.49"]
[White "Oratile, Kgotlane"]
[Black "Tan, Jun Ying"]
[Result "1/2-1/2"]
[WhiteElo "2024"]
[BlackElo "2191"]
[Annotator "TA"]
[PlyCount "100"]
[EventDate "2022.??.??"]
[TimeControl "60"]

1. e4 c5 2. Nf3 Nc6 3. d3 g6 4. g3 Bg7 5. Bg2 d6 6. O-O e5 7. Nc3 Nge7 8. Nd2 O-O 9. Nc4 Be6 10. Nd5 Qd7 {[%emt 0:01:40] B25: Closed Sicilian: 3 g3, lines without early
Be3.} 11. a4 Bg4 12. f3 Be6 13. f4 Bg4 {[%emt 0:00:31] [#]
Prevents f5.} 14. Bf3 $146 ({Predecessor:} 14. Qd2 exf4 15.
Nxe7+ Qxe7 16. Qxf4 Be6 17. Qxd6 Qxd6 18. Nxd6 Nb4 19. c3 Nxd3 20. Rd1 {
½-½ (57) Skoberne,J (2582)-Quparadze,G (2493) Chess.com INT 2019}) 14... Bh3 15. Bg2 Bxg2 16. Kxg2 Nxd5 17. exd5 Nb4 18. fxe5 dxe5 19.
d6 Qc6+ $1 20. Kg1 e4 $1 21. Be3 b6 (21... Rae8 $19
22. c3 Nxd3) 22. Rc1 Qxa4 23. dxe4 Na2 24. b3 Qc6 {
[%emt 0:02:35] Threatens to win with ...b5.} 25. Ra1 Nc3 26. Qf3 Nxe4 (26... b5 $19
27. Na5 Qxd6) 27. Nd2 $17 f5 28. Ra4 (28. Rad1 $142) 28... Qxd6 29. Nxe4 fxe4 30. Qxe4 Rxf1+ 31. Kxf1 Rf8+ 32. Kg2 Qd1
$36 {[%emt 0:02:54][%csl Gf8][%cal Rd1f1] Black is in control.} 33. Qc4+ (33. h4 $17 {might work better.}) 33... Kh8 $19 {[%emt 0:00:00]
( -> ...Qf3+)} 34. Qd3 Qf3+ 35. Kg1 a5 36. Rf4 $2 (36. Re4 $17) 36...
Rxf4 37. gxf4 {[%emt 0:00:10] Endgame [#] KQB-KQB} h6 $2 (37... Qxe3+ $3 38. Qxe3 Bd4) 38. Qd8+ Kh7 39. Bf2 Qg4+ 40. Kf1 Qe6 41. Qd3 {[%emt 0:00:00] [#]} Qc6 ({Better is} 41... c4 $1 $19 42. bxc4 Qg4) 42. f5 $1 $15 gxf5 43. Qxf5+ Qg6 44. Qxg6+ Kxg6 {[%emt 0:00:00] KB-KB} 45. Ke2 {
[%emt 0:00:10] [#]} Be5 (45... Kf5 $1 $17 {And now ...Bd4
would win.} 46. Kd3 Bf6) 46. h3 $1 $11 b5 {[%emt 0:15:21]
Strongly threatening ...a4.} 47. Bxc5 {[%emt 0:00:56] The position is equal.}
a4 48. bxa4 bxa4 {[%emt 0:00:03] ...Bb2 is
the strong threat.} 49. Ba3 {[%emt 0:00:10] Against Bb2} Kg5 50. Kf3 Kf5 {[%emt 0:03:06] Black had all chances to win.
Weighted Error Value: White=0.28 (precise) /Black=0.34} 1/2-1/2

[Event "44th Chess Olympiad Open 2022"]
[Site "Chennai"]
[Date "2022.08.03"]
[Round "6.50"]
[White "Arias, Lemnys A."]
[Black "Frick, Renato"]
[Result "1-0"]
[WhiteElo "2258"]
[BlackElo "1900"]
[Annotator "TA"]
[PlyCount "119"]
[EventDate "2022.??.??"]
[TimeControl "60"]

1. d4 Nf6 2. c4 e6 3. Nf3 Bb4+ 4. Bd2 a5 5. Qc2 O-O 6. g3 {[%emt 0:00:
00] E11: Bogo-Indian.} b6 7. Bg2 Bb7 8. Nc3 {[%emt 0:00:04] [#] The position is equal.} c5 $146 ({Predecessor:} 8... d6 9. O-O Nbd7 10. Bg5 Bxc3 11. Bxf6 Nxf6
12. Qxc3 Qe7 13. Rac1 Be4 14. Rfd1 a4 15. Ne1 Bxg2 16. Kxg2 Ra5 17. Qd3 e5 {
0-1 (34) Molina,R (2434)-Iturrizaga Bonelli,E (2613) Chess.com INT 2021}) 9.
dxc5 Bxc5 10. O-O Nc6 11. Rad1 (11. Rfd1 {feels hotter.} Nb4 12. Qc1
Ng4 13. Be1) 11... Qe7 12. Bg5 Rfd8 13. Qc1 Qf8 14. Na4 (14. Bxf6 {looks sharper.} gxf6 15. Qf4 f5 16. e4) 14... d6 15. Nxc5 (15. Qf4 {is interesting.} Qe7 16. Nc3 h6 17. Bh4)
15... bxc5 16. Rfe1 Ne7 (
16... Qe7 $11 {remains equal.}) 17. Bxf6 $16 gxf6 18. Nd2 (18. Qf4 {seems
wilder.} Kg7 19. Rxd6 Bxf3 20. Bxf3 Ng6 21. Rxd8 Rxd8 22. Qc7) 18... Bxg2 19. Kxg2 f5 {[%emt 0:11:12] Inhibits Ne4.} 20.
Nb1 Qg7 21. Nc3 Ng6 22. Kh1 Ne5 23. Nb5 Ra6 24. f3 (24. a4 $14) 24... f6 (24... a4 $11) 25. Kg2 Qe7 26. a4 (26. f4 $14 Ng4 27. h3 Qb7+ 28. Kg1 (28. e4 Nh6 $14))
26... d5 $1 $11 27. cxd5 exd5 28. b3 Nc6 29. Qc2 Nb4 $1 30. Qxf5 Re6 31. e4 Re5 32. Qg4+ Kh8 33. Re2 d4 (33... f5 $1 $11
{should be considered.} 34. Qh4 Qxh4 35. gxh4 Rg8+ 36. Kh1 fxe4 37. fxe4 Rd8)
34. Qf4 (34. Qh4 $1 $14) 34... d3 (34... f5
$11 {keeps the balance.}) 35. Red2 ({White should play} 35.
Rf2 $16) 35... f5 $1 36. Nc3 $132 {[%emt 0:00:15]
White has counterplay} ({Wrong is} 36. exf5 $2 Nd5 37. Qh4 Ne3+ 38. Kf2 Nxd1+
39. Rxd1 Re2+ 40. Kf1 Qxh4 41. gxh4 Rxh2 $19) 36... fxe4 37.
fxe4 ({Reject} 37. Nxe4 Nd5 38. Qh6 Re6 $17) 37... Rf8 38. Qe3 Nd5 $2 {[%emt 0:00:55] [#] Loses the
game.} 39. Nxd5 $18 Rxd5 40. Rxd3 Re5 41. Rd7 Qf6 42.
R7d2 Rfe8 43. Qf3 Qxf3+ 44. Kxf3 Rxe4 {[%emt 0:00:00] Endgame KRR-KRR}
45. Rd8 Re3+ 46. Kf2 Re2+ 47. Kf1 Re1+ 48. Rxe1 Rxd8 {[%emt 0:00:06] KR-KR} 49. Re5 Rc8 50. h4 Kg7 51. Kf2 (51. Ke2 $142 Kf6 52. Rh5) 51... Kf6 52. Rh5 Rc7 $2 {[%emt 0:00:35] [#]} (52... Kg6 53. Rd5 Kf6 54. Rd6+ Kf5) 53.
Kf3 Kg6 54. Rg5+ Kf6 55. Ke3 h6 56. Rh5 Kg6 57. Rd5 h5 $2 (
57... Rb7 58. Rxc5 Rxb3+ 59. Kf2 Ra3 60. Rxa5 Kf6) 58. Rg5+ {[%emt 0:00:00]
White is clearly winning.} Kh6 59. Kd3 Rb7 60. Ke4 $2 {[%emt 0:00:00] Weighted Error Value: White=0.21 
(precise) /Black=0.40. Sensor Board Error (Ke4/e5)?} (60. Kc4 $18 Rb4+ 61. Kc3)
1-0